 Dungeon Crawl Stone Soup version 0.30.1-11-g7821555f0a (webtiles) character file.

Game seed: 7936410777258783418

39 Dillybarz the Shield-Bearer (level 3, 0/31 (33) HPs)
             Began as a Minotaur Fighter on Oct 31, 2023.
             Slain by Terence
             ... wielding the +7 Throatcutter {drain, coup de grace}
              (6 damage)
             ... on level 2 of the Dungeon.
             The game lasted 00:03:07 (1217 turns).

Dillybarz the Shield-Bearer (Minotaur Fighter)      Turns: 1217, Time: 00:03:07

HP:   0/31 (33)     AC:  8    Str: 22    XL:     3   Next: 26%
MP:   2/2           EV:  9    Int:  5    God:
Gold: 43            SH:  9    Dex:  9    Spells: 2/2 levels left

rFire   . . .        a - +0 war axe
rCold   . . .        c - +0 buckler
rNeg    . . .        b - +0 scale mail
rPois   .            (helmet restricted)
rElec   .            (no cloak)
rCorr   .            (no gloves)
SInv    .            j - +0 pair of boots
Will    .....        e - amulet of reflection Stlth
                     (no ring)
HPRegen 0.25/turn    (no ring)
MPRegen 0.08/turn

%: reflection
@: drained
A: horns 2, retaliatory headbutt
a: no special abilities


You were on level 2 of the Dungeon.
You visited 1 branch of the dungeon, and saw 2 of its levels.

You collected 43 gold pieces.

Inventory:

Hand Weapons
 a - a +0 war axe (weapon)
Missiles
 l - 14 stones (quivered)
Armour
 b - a +0 scale mail (worn)
 c - a +0 buckler (worn)
 j - a +0 pair of boots (worn)
Jewellery
 e - an amulet of reflection (around neck)
Scrolls
 g - a scroll of butterflies {unknown}
 h - 2 scrolls of identify {unknown}
 k - 2 scrolls of immolation {unknown}
 n - a scroll of magic mapping {unknown}
Potions
 d - 3 potions of might
 f - 2 potions of curing {unknown}
 i - 2 potions of lignification {unknown}
 m - a potion of brilliance {unknown}
 o - a potion of ambrosia {unknown}


   Skills:
 + Level 4.0 Fighting
 * Level 3.3 Axes
 + Level 4.0 Armour
 + Level 4.0 Shields


You had 2 spell levels left.
You didn't know any spells.
Your spell library was empty.

Dungeon Overview and Level Annotations

Branches:
Dungeon (2/15)

Altars:

Annotations:
D:2 Terence


Innate Abilities, Weirdness & Mutations

You have a pair of horns on your head.
You reflexively headbutt those who attack you in melee.


Message History

Found a stone staircase leading down.
The ball python hisses angrily.
Found a scroll labelled VEAXZUGIUDU.
You barely miss the ball python. You block the ball python's attack.
The ball python closely misses you. You block the ball python's attack.
The ball python misses you.
You hit the ball python.
You kill the ball python!
You see here a ball python corpse.
n - a scroll labelled VEAXZUGIUDU You open the door.
There is an open door here.
o - a glowing sapphire potion A giant cockroach comes into view.
Found a long sword.
You block the giant cockroach's attack.
The giant cockroach bites you but does no damage.
You barely miss the giant cockroach. You block the giant cockroach's attack.
You slash the giant cockroach!
You kill the giant cockroach!
You see here a giant cockroach corpse.
Terence the Incautious comes into view.
He is wielding the +7 Throatcutter {drain, coup de grace}.
Found 3 stones.
Terence shouts!
Found a scroll labelled OCHIDW UKOOSK.
You see here a +0 long sword.
You block Terence's attack.
You hit Terence but do no damage. Terence closely misses you.
You block Terence's attack.
You barely miss Terence.
Terence hits you with the +7 Throatcutter {drain, coup de grace}!
You feel drained.
You barely miss Terence. Your headbutt misses Terence.
Terence hits you with the +7 Throatcutter {drain, coup de grace}!
You feel drained.
* * * LOW HITPOINT WARNING * * *
You slash Terence!
Terence is severely wounded.
You block Terence's attack.
Terence hits you with the +7 Throatcutter {drain, coup de grace}.
You die...

### #.. #.# #.#
#(# ### #.#...
#.###@#.#####
#....@......?
#####)#.#####
#.....# #
###†### #####
#.### ....#
#...# ###.#
#######.##
#.#####.......#
#.......#######


You could see Terence.

Vanquished Creatures
  An adder (D:2)
  A dart slug (D:1)
  3 ball pythons
  5 bats
  2 endoplasms (D:2)
  A giant cockroach (D:2)
  2 goblins (D:1)
  A hobgoblin (D:2)
  3 jackals (D:1)
  A quokka (D:2)
  A frilled lizard (D:1)
  2 kobolds (D:1)
  A rat (D:1)
24 creatures vanquished.

Notes
Turn   | Place    | Note
-------+----------+-------------------------------------------
     0 | D:1      | Dillybarz the Minotaur Fighter began the quest for the Orb.
     0 | D:1      | Reached XP level 1. HP: 19/19 MP: 0/0
   172 | D:1      | You fall into a shaft and drop 1 floor!
   249 | D:2      | Reached XP level 2. HP: 27/27 MP: 1/1
  1091 | D:2      | Reached XP level 3. HP: 33/33 MP: 2/2
  1211 | D:2      | Noticed Terence
  1217 | D:2      | Slain by Terence

Illustrated notes

Levels and vault maps discovered:
D:1:      lemuel_arrival_cross, layout_basic, serial_corexii_hall,
          corexii_hall_statues_deadend, corexii_hall_statues_l,
          corexii_hall_statues_l, hangedman_decor_points,
          corexii_hall_statues_x, chequers_serial_rivers_marsh
D:2:      layout_basic, uniq_terence

Skill      XL: |  1  2 |
---------------+-------+-----
Axes           | 3 |  3.3
Shields        | 4 |  4.0
Armour         | 4 |  4.0
Fighting       | 4 |  4.0

Action                     || total
---------------------------++-------
  Melee: War axe           ||    49
         Headbutt          ||     4
 Armour: Scale mail        ||    16
  Dodge: Dodged            ||    22
  Block: Buckler           ||    32
